Map: Odyssey LE

Players

ichangx

  • Race: Zerg Zerg
  • League: Silver
  • Spawn Location: 11:00

Salvite - Winner!

  • Race: Protoss Protoss
  • League: Silver
  • Spawn Location: 5:00

VOD

Have the link to the VOD?

Description

Time

  • Played on: June 4, 2017, 3:06 a.m.
  • Length: 6:32
Show
View Real Time Build Order
Export as new Build Order

ichangx Zerg 

Build Orders: Pool First 

Get SALT Encoding   

  12  0:01  Drone  
  13  0:08  Drone  
  14  0:23  Extractor  
  14  0:24  Extractor  
  14  0:25  Extractor  
  11  0:30  Drone x3  
  16  0:51  Spawning Pool  
  16  0:56  Overlord  
  15  1:14  Drone x2  
  17  1:22  Extractor  
  17  1:24  Drone  
  17  1:27  Drone  
  18  1:38  Zergling x2  
  18  1:39  Queen  
  21  1:48  Drone  
  22  1:56  Spine Crawler  
  22  2:00  Drone  
  22  2:09  Overlord  
  22  2:27  Evolution Chamber  
  21  2:31  Drone, Roach Warren  
  21  2:32  Drone  
  22  3:06  Zergling x4  
  22  3:07  Zergling x4  
  22  3:12  Roach  
  27  3:26  Hatchery  
  26  3:38  Roach x2  
  30  3:42  Zerg Missile Weapons Level 1  
  30  3:47  Spore Crawler  
  29  3:53  Spore Crawler  
  29  3:54  Drone  
  29  3:59  Drone  
  26  4:12  Drone x2  
  28  4:22  Roach  
  30  4:28  Overlord  
  30  4:40  Overlord  
  30  4:43  Drone  
  30  4:45  Drone  
  32  4:46  Drone  
  32  4:50  Drone  
  34  4:53  Drone  
  34  4:57  Drone  
  36  5:02  Drone  
  36  5:04  Drone  
  38  5:08  Drone  
  39  5:14  Drone  
  39  5:15  Drone  
  39  5:17  Drone  
  42  5:44  Drone  
  42  5:45  Drone x4, Extractor  
  42  5:49  Zergling x2, Roach  
  50  5:50  Zergling x2  
  50  5:52  Spore Crawler  
  50  5:53  Overlord  
  50  5:57  Drone  
Show
View Real Time Build Order
Export as new Build Order

Salvite Protoss - Winner!

Build Orders:  

Get SALT Encoding   

  12  0:01  Probe (Chrono Boost)  
  13  0:12  Probe (Chrono Boost)  
  14  0:22  Pylon  
  14  0:24  Probe (Chrono Boost)  
  15  0:40  Probe (Chrono Boost)  
  16  0:49  Gateway  
  16  0:50  Probe (Chrono Boost)  
  17  1:00  Pylon  
  17  1:01  Probe (Chrono Boost)  
  18  1:05  Assimilator  
  18  1:11  Probe (Chrono Boost)  
  19  1:22  Probe (Chrono Boost)  
  19  1:23  Assimilator  
  21  1:32  Probe (Chrono Boost)  
  21  1:43  Probe (Chrono Boost), Cybernetics Core  
  22  1:56  Probe (Chrono Boost)  
  22  2:06  Probe (Chrono Boost)  
  23  2:17  Probe (Chrono Boost)  
  23  2:19  Nexus  
  23  2:22  Pylon  
  24  2:27  Warp Gate  
  24  2:29  Adept  
  26  2:36  Mothership Core (Chrono Boost)  
  28  3:21  Probe (Chrono Boost)  
  29  3:39  Robotics Facility  
  29  3:55  Probe x2 (Chrono Boost)  
  31  4:01  Pylon  
  31  4:14  Pylon  
  31  4:17  Probe x2 (Chrono Boost)  
  33  4:28  Gateway x2  
  33  4:30  Gateway  
  33  4:31  Gateway  
  33  4:35  Pylon  
  33  4:38  Warp Prism  
  35  4:48  Probe x2 (Chrono Boost)  
  37  4:58  Probe (Chrono Boost)  
  37  4:59  Probe (Chrono Boost)  
  39  5:02  Gateway  
  39  5:03  Gateway  
  39  5:05  Gateway  
  39  5:11  Probe x2 (Chrono Boost)  
  41  5:34  Probe x2 (Chrono Boost)  
  43  5:44  Probe (Chrono Boost)  
  43  5:45  Probe (Chrono Boost)  
  45  6:10  Stalker x4  
  53  6:11  Stalker  
  55  6:19  Stalker x3  
Tags
 
Matchup
PvZ
Opening
Pool First
Spawn Locations
Cross Positions
Add a new tag
Caveats
  • Supply blocks, unpowered buildings, or Contaminate may cause inaccurate times.
  • Supply counts are checked every 10 seconds.